 Dungeon Crawl Stone Soup version 0.20-a0-336-g7b05759 (webtiles) character file.

6056 FitzyFitz the Frost Mage (level 10, -16/51 HPs)
             Began as a Vine Stalker Ice Elementalist on Dec 21, 2016.
             Was a Priest of Sif Muna.
             Demolished by a spiny frog (20 damage)
             ... on level 1 of the Lair of Beasts.
             The game lasted 00:44:29 (10381 turns).

FitzyFitz the Frost Mage (VSIE)                    Turns: 10381, Time: 00:44:29

Health: -16/51     AC:  6    Str: 10    XL:     10   Next: 87%
Magic:  0/20       EV: 14    Int: 18    God:    Sif Muna [***...]
Gold:   644        SH:  0    Dex: 16    Spells: 2/21 levels left

rFire  . . .     SeeInvis .     a - +2 trident (venom)
rCold  . . .     Gourm    .     S - +0 robe
rNeg   . . .     Faith    .     (no shield)
rPois  .         Spirit   +     k - +2 helmet
rElec  .         Reflect  .     E - +0 cloak
rCorr  .         Harm     .     (no gloves)
MR     +....                    (no boots)
Stlth  +++.......               (no amulet)
                                N - ring of wizardry
                                (no ring)

@: lethally poisoned (-16 -> -31)
A: fangs 3, regeneration 1, magic shield, antimagic bite, no device heal 3, rot
immunity
a: Divine Energy, Channel Magic, Renounce Religion


You were on level 1 of the Lair of Beasts.
You worshipped Sif Muna.
Sif Muna was most pleased with you.
You were not hungry.

You visited 3 branches of the dungeon, and saw 12 of its levels.

You collected 644 gold pieces.

Inventory:

Hand Weapons
 a - a +2 trident of venom (weapon)
 q - a +0 hunting sling
Missiles
 f - 346 stones
 l - 32 poisoned needles
 m - 11 tomahawks (quivered)
 s - 41 sling bullets
Armour
 k - a +2 helmet (worn)
 r - a +0 robe
 D - the +3 chain mail of the Shining Light {rElec rF+ Regen+ Str+2 Dex+3, unknown}
   (You found it on level 6 of the Dungeon)

   It affects your strength (+2).
   It affects your dexterity (+3).
   It protects you from fire.
   It insulates you from electricity.
   It increases your rate of regeneration.
 E - a +0 cloak (worn)
 I - a +0 helmet
 S - a +0 robe (worn)
Jewellery
 h - an uncursed ring of flight
 C - an uncursed ring of fire
 N - a ring of wizardry (right hand)
Wands
 n - a wand of flame (48/48)
 z - a wand of paralysis (7/24)
 M - a wand of lightning (4/15)
 O - a wand of polymorph (2/24)
Scrolls
 d - a scroll of enchant weapon
 e - a scroll of noise {unknown}
 g - 2 scrolls of fog
 t - 4 scrolls of amnesia
 y - a scroll of silence
 F - a scroll of teleportation
 J - a scroll of blinking
 L - a scroll of remove curse
 R - a scroll of fear
Potions
 i - a potion of cancellation
 w - 5 potions of curing
 B - 2 potions of brilliance
 K - a potion of flight
Books
 b - a book of Frost

   Spells                             Type                      Level
   a - Freeze                         Ice                          1
   b - Throw Frost                    Conjuration/Ice              2
   c - Ozocubu's Armour               Charms/Ice                   3
   d - Throw Icicle                   Conjuration/Ice              4
   e - Summon Ice Beast               Ice/Summoning                4
 j - a book of Power

   Spells                             Type                      Level
   a - Fulminant Prism                Conjuration/Hexes            4
   b - Iskenderun's Mystic Blast      Conjuration                  4
   c - Venom Bolt                     Conjuration/Poison           5
   d - Bolt of Magma                  Conjuration/Fire/Earth       5
   e - Iron Shot                      Conjuration/Earth            6
   f - Orb of Destruction             Conjuration                  7
   g - Spellforged Servitor           Conjuration/Summoning        7
 x - a book of Conjurations

   Spells                             Type                      Level
   a - Magic Dart                     Conjuration                  1
   b - Searing Ray                    Conjuration                  2
   c - Dazzling Spray                 Conjuration/Hexes            3
   d - Fulminant Prism                Conjuration/Hexes            4
   e - Iskenderun's Mystic Blast      Conjuration                  4
   f - Iskenderun's Battlesphere      Conjuration/Charms           5
 G - a book of Misfortune

   Spells                             Type                      Level
   a - Confusing Touch                Hexes                        1
   b - Confuse                        Hexes                        3
   c - Gell's Gravitas                Hexes/Translocation          3
   d - Petrify                        Transmutation/Earth          4
   e - Metabolic Englaciation         Hexes/Ice                    5
   f - Yara's Violent Unravelling     Hexes/Transmutation          5
 H - a book of Geomancy

   Spells                             Type                      Level
   a - Sandblast                      Earth                        1
   b - Passwall                       Transmutation/Earth          2
   c - Stone Arrow                    Conjuration/Earth            3
   d - Petrify                        Transmutation/Earth          4
   e - Lee's Rapid Deconstruction     Earth                        5
 Q - a book of Battle

   Spells                             Type                      Level
   a - Infusion                       Charms                       1
   b - Shroud of Golubria             Charms/Translocation         2
   c - Song of Slaying                Charms                       2
   d - Spectral Weapon                Hexes/Charms                 3
   e - Regeneration                   Charms/Necromancy            3
Comestibles
 c - 6 bread rations
 o - 5 meat rations
 p - 7 chunks of flesh


   Skills:
 + Level 5.5 Fighting
 + Level 4.0 Dodging
 - Level 5.9 Stealth
 - Level 6.3 Spellcasting
 - Level 5.3 Conjurations
 - Level 2.9 Hexes
 - Level 3.8 Charms
 - Level 4.0 Summonings
 - Level 10.4 Ice Magic


You had 2 spell levels left.
You knew the following spells:

 Your Spells              Type           Power        Failure   Level  Hunger
a - Freeze                Ice            ####         1%          1    None
b - Ozocubu's Armour      Chrm/Ice       ####....     1%          3    ##.....
c - Throw Frost           Conj/Ice       ####..       1%          2    None
d - Throw Icicle          Conj/Ice       ####....     1%          4    ####...
e - Summon Ice Beast      Ice/Summ       ####....     3%          4    ####...
f - Metabolic Englaciati  Hex/Ice        ####......   10%         5    #####..


Dungeon Overview and Level Annotations

Branches:
Dungeon (10/15)            Temple (1/1) D:7            Lair (1/6) D:9
    Orc (0/2) D:10

Altars:
Ashenzari
Cheibriados
Dithmenos
Elyvilon
Fedhas
Gozag
Hepliaklqana
Kikubaaqudgha
Nemelex Xobeh
Okawaru
Qazlal
Ru
Sif Muna
Trog
Uskayaw
Xom
Yredelemnul
Zin
The Shining One

Shops:
D:9 *

Annotations:
D:4 Grinder


Innate Abilities, Weirdness & Mutations

You have razor-sharp teeth.
Your natural rate of healing is unusually fast.
When hurt, damage is shared between your health and your magic reserves.
Your bite disrupts and absorbs the magic of your enemies.
Potions cannot restore your health.
You are immune to rotting.


Message History

Casting: Freeze
Confirm with . or Enter, or press ? or * to list all spells.
Aiming: Freeze
Press: ? - help, Shift-Dir - straight line, f/p - spiny frog
Aim: a spiny frog (almost dead, slow)
You freeze the spiny frog.
The spiny frog is almost dead.
You feel sick. The spiny frog stings you!!
* * * LOW HITPOINT WARNING * * *
Casting: Freeze
Confirm with . or Enter, or press ? or * to list all spells.
Aiming: Freeze
Press: ? - help, Shift-Dir - straight line, f/p - spiny frog
Aim: a spiny frog (almost dead, slow)
You freeze the spiny frog.
The spiny frog seems to slow down.
The spiny frog is almost dead.
* * * LOW HITPOINT WARNING * * *
You feel very sick. The spiny frog stings you!!
You die...

. ..#.#.#.#..
.##.....#.#...
...#....#..#.'# # ##
........#......#...
..........#.....#.
...........8.8.8=
#.+###P####....r# l..#
# #..8.F### ..##
######@.# .######
##P####.+## ####.P#
#.........#
......####......^..#
......+.##.........#
......#.##.........#
......#............##
......รท..#..........#
......#..'.........##


You could see a spiny frog and a porcupine.

Vanquished Creatures
  A two-headed ogre (D:10)
  A komodo dragon (Lair:1)
  2 hippogriffs
  2 humans (D:7)
  A vampire (D:10)
  3 water moccasins
  A porcupine (Lair:1)
  3 orc warriors
  An ice beast (D:8)
  3 sky beasts
  A necrophage (D:10)
  A phantom (D:8)
  5 centaurs
  A big kobold (D:7)
  2 bullfrogs
  A scorpion (D:9)
  7 wights
  A vampire bat (D:4)
  3 howler monkeys (D:7)
  3 crimson imps
  6 orc priests
  5 hounds
  A jelly (D:7)
  A gnoll shaman (D:9)
  3 iguanas
  9 orc wizards
  4 worker ants
  Natasha (D:4)
  A hound zombie (D:7)
  A howler monkey zombie (D:5)
  4 gnolls
  10 adders
  3 shadow imps
  2 adder skeletons
  An adder zombie (D:6)
  3 worms
  3 dart slugs
  4 leopard geckos
  28 orcs
  5 bat skeletons (D:4)
  A bat zombie (D:4)
  6 giant cockroaches
  8 goblins
  A hobgoblin (D:1)
  4 jackals (D:3)
  4 quokkas
  9 bats
  A frilled lizard (D:1)
  10 kobolds
  4 rats
186 creatures vanquished.

Vanquished Creatures (collateral kills)
  A death yak (D:9)
  A spiny frog (Lair:1)
  A vampire mosquito (D:10)
  An orc warrior (D:6)
  An ice beast (D:8)
  A bullfrog (D:8)
  A wyvern zombie (D:6)
  A scorpion (D:8)
  A wight (D:9)
  A howler monkey (D:8)
  An orc priest (D:9)
  2 orc wizards (D:8)
  3 gnolls (D:8)
  A leopard gecko (D:8)
  10 orcs
27 creatures vanquished.

Vanquished Creatures (others)
  A fungus (Lair:1)
  4 plants (Lair:1)
5 creatures vanquished.

Grand Total: 218 creatures vanquished

Notes
Turn   | Place    | Note
-------+----------+-------------------------------------------
     0 | D:1      | FitzyFitz the Vine Stalker Ice Elementalist began the quest for the Orb.
     0 | D:1      | Reached XP level 1. HP: 9/9 MP: 4/4
   410 | D:1      | Reached XP level 2. HP: 13/13 MP: 6/6
  1235 | D:2      | Reached XP level 3. HP: 14/16 MP: 7/7
  1256 | D:2      | Found a bloodstained altar of Trog.
  1691 | D:3      | Learned a level 3 spell: Ozocubu's Armour
  1748 | D:3      | Reached skill level 4 in Ice Magic
  1788 | D:3      | Reached skill level 9 in Ice Magic
  1788 | D:3      | Gained mutation: Your natural rate of healing is unusually fast. [Vine Stalker growth]
  1788 | D:3      | Reached XP level 4. HP: 19/21 MP: 8/13
  1807 | D:3      | Learned a level 2 spell: Throw Frost
  1812 | D:3      | Learned a level 4 spell: Throw Icicle
  1817 | D:3      | Learned a level 4 spell: Summon Ice Beast
  2182 | D:3      | Reached XP level 5. HP: 24/24 MP: 11/14
  2391 | D:3      | Found a deep blue altar of Sif Muna.
  2482 | D:3      | Became a worshipper of Sif Muna the Loreminder
  2814 | D:2      | Found a faded altar of an unknown god.
  2978 | D:4      | Noticed Grinder
  3157 | D:4      | Found an ancient bone altar of Kikubaaqudgha.
  3166 | D:4      | Reached XP level 6. HP: 29/29 MP: 12/16
  3397 | D:4      | Reached skill level 1 in Fighting
  3811 | D:4      | Noticed Natasha
  3816 | D:4      | Killed Natasha
  3953 | D:4      | Paralysed by Grinder for 3 turns
  3975 | D:5      | Entered Level 5 of the Dungeon
  4372 | D:5      | Found an opulent altar of Gozag.
  4409 | D:5      | Noticed a sky beast
  4420 | D:5      | Killed a sky beast
  4420 | D:5      | Reached skill level 1 in Summonings
  4420 | D:5      | Reached XP level 7. HP: 29/33 MP: 6/17
  4532 | D:5      | Reached skill level 1 in Charms
  5009 | D:6      | Reached * piety under Sif Muna
  5217 | D:6      | Got a spiked chain mail
  5272 | D:6      | Gained mutation: You have razor-sharp teeth. [Vine Stalker growth]
  5272 | D:6      | Reached XP level 8. HP: 34/39 MP: 0/18
  5412 | D:6      | Found a hide-covered altar of Uskayaw.
  5516 | D:6      | Found a sacrificial altar of Ru.
  6221 | D:7      | Found a staircase to the Ecumenical Temple.
  6239 | D:7      | Reached skill level 10 in Ice Magic
  6274 | D:7      | Found an iron altar of Okawaru.
  6812 | D:7      | Reached XP level 9. HP: 39/44 MP: 16/19
  7241 | D:7      | Reached ** piety under Sif Muna
  7478 | D:7      | Learned a level 5 spell: Metabolic Englaciation
  7515 | D:8      | Found a shattered altar of Ashenzari.
  7591 | D:8      | HP: 1/44 [shadow imp/nerve-wracking pain (6)]
  7736 | Temple   | Entered the Ecumenical Temple
  7806 | D:8      | Reached skill level 5 in Conjurations
  7914 | D:8      | Reached skill level 1 in Hexes
  7922 | D:8      | Reached skill level 5 in Stealth
  8144 | D:8      | Found a shattered altar of Ashenzari.
  8364 | D:9      | Reached XP level 10. HP: 39/49 MP: 17/20
  8638 | D:9      | Found Dazoyf's Assorted Antiques.
  8681 | D:9      | Noticed a death yak
  8683 | D:9      | Noticed a death yak
  8683 | D:9      | Noticed a death yak
  8684 | D:9      | Found a staircase to the Lair.
  8711 | D:9      | HP: 3/73 [death yak (6)]
  8712 | D:9      | Killed a death yak
  8712 | D:9      | Reached *** piety under Sif Muna
  9017 | D:9      | Noticed a death yak
  9034 | D:9      | Noticed a death yak
  9119 | D:9      | Noticed a death yak
  9277 | D:10     | Entered Level 10 of the Dungeon
  9369 | D:10     | Noticed a two-headed ogre
  9375 | D:10     | Killed a two-headed ogre
  9795 | D:10     | Reached skill level 5 in Fighting
  9878 | D:10     | Found a staircase to the Orcish Mines.
 10128 | Lair:1   | Entered Level 1 of the Lair of Beasts
 10132 | Lair:1   | Noticed a spiny frog
 10138 | Lair:1   | Killed a spiny frog
 10219 | Lair:1   | Noticed a spiny frog
 10381 | Lair:1   | Demolished by a spiny frog

Vault maps used:
D:1:      lightli_arrival_noodles
D:2:      bloody_trog, first_bread, chequers_ecumenical_altar_lobes
D:3:      tgw_sif
D:4:      kennysheep_vampire_church, uniq_natasha, uniq_grinder
D:5:      nicolae_gozag_cash_rules_everything_around_me
D:6:      hangedman_ru_absence, old_standard_altar
D:7:      okawaru_humans
D:8:      nicolae_overflow_crystal_walls, basic_altar
D:9:      grunt_temple_overflow_lords_of_destruction, dpeg_lair_monsters,
          serial_shops, kennysheep_mini
D:10:     david_orc_3
Temple:   nicolae_temple_no_exploring_needed
Lair:1:   serial_bayou_lake_a, minmay_lair_oklob_chamber, grunt_megastairs_1,
          serial_bayou_shore_a, uniq_nergalle

Skill      XL: |  1  2  3  4  5  6  7  8  9 10 |
---------------+-------------------------------+-----
Stealth        | 3 4 5 |  5.9
Ice Magic      | 9 10 | 10.4
Spellcasting   | 6 |  6.3
Fighting       | 1 2 3 5 |  5.5
Conjurations   | 2 4 5 |  5.3
Summonings     | 1 3 4 |  4.0
Charms         | 1 2 3 |  3.8
Hexes          | 1 2 |  2.9
Dodging        | 4 |  4.0

Action                   |  1- 3 |  4- 6 |  7- 9 | 10-12 || total
-------------------------+-------+-------+-------+-------++-------
Melee: Unarmed           |    17 |       |       |       ||    17
       Dagger            |    44 |    18 |       |       ||    62
       Bite              |    19 |    19 |    56 |    28 ||   122
       Whip              |    59 |     7 |       |       ||    66
       Short sword       |       |    46 |    10 |       ||    56
       Trident           |       |       |   262 |   118 ||   380
 Fire: Hunting sling     |       |       |     3 |       ||     3
Throw: Stone             |       |     1 |       |       ||     1
       Tomahawk          |       |       |     1 |     1 ||     2
 Cast: Freeze            |    11 |    16 |    16 |    18 ||    61
       Ozocubu's Armour  |     1 |     3 |    10 |     4 ||    18
       Throw Frost       |       |    29 |    21 |     7 ||    57
       Summon Ice Beast  |       |     2 |    19 |    22 ||    43
       Throw Icicle      |       |       |     7 |    10 ||    17
       Metabolic Englaci |       |       |       |     2 ||     2
Invok: Divine Energy     |       |       |     2 |       ||     2
       Stop Divine Energ |       |       |     2 |       ||     2
Evoke: Wand              |       |       |       |     4 ||     4
  Use: Scroll            |     9 |     5 |     6 |     4 ||    24
       Potion            |     1 |       |     3 |     5 ||     9
 Stab: Sleeping          |     3 |     9 |     5 |     4 ||    21
       Distracted        |       |       |     1 |       ||     1
  Eat: Chunk             |     3 |     8 |    15 |     5 ||    31
       Pizza             |       |       |     1 |       ||     1
       Royal jelly       |       |       |     1 |       ||     1
       Bread ration      |       |       |       |     2 ||     2
Armor: Robe              |    44 |    20 |   110 |    39 ||   213
Dodge: Dodged            |   116 |    49 |   306 |    75 ||   546
